 Dungeon Crawl Stone Soup version 0.18-a0-1220-g2dc6208 (webtiles) character file.

1069 Psiweapon the Ruffian (level 8, -5/79 HPs)
             Began as a Troll Monk on Feb 3, 2016.
             Was a Believer of Cheibriados.
             Killed by nerve-wracking pain
             ... invoked by Grinder
              (13 damage)
             ... on level 5 of the Dungeon.
             The game lasted 00:11:50 (3761 turns).

Psiweapon the Ruffian (Troll Monk)                  Turns: 3761, Time: 00:11:50

Health: -5/79      AC:  6    Str: 25    XL:     8   Next: 7%
Magic:  7/7        EV: 12    Int: 13    God:    Cheibriados [**....]
Gold:   194        SH:  0    Dex: 15    Spells: 1 memorised, 6 levels left

rFire  . . .     SeeInvis .       - Unarmed
rCold  . . .     Gourm    +     a - +0 robe
rNeg   . . .     Faith    .     (no shield)
rPois  +         Spirit   .     (helmet restricted)
rElec  .         Dismiss  .     d - +0 cloak
rCorr  .         Reflect  .     (gloves unavailable)
SustAt .         Harm     .     (boots unavailable)
MR     .....                    (no amulet)
Stlth  ++........               u - ring of poison resistance
                                j - -2 ring of dexterity (curse)

@: very slow, not resistant to hostile enchantments, unstealthy
A: unfitting armour, claws 3, fast metabolism 3, gourmand, regeneration 2,
shaggy fur 1, tough skin 2
a: Bend Time, Renounce Religion


You were on level 5 of the Dungeon.
You worshipped Cheibriados.
Cheibriados was pleased with you.
You were completely stuffed.

You visited 1 branch of the dungeon, and saw 5 of its levels.

You collected 194 gold pieces.

Inventory:

Hand Weapons
 v - a +0 giant club
 y - a +0 spear of freezing
 z - a +1 war axe of electrocution
Missiles
 n - 52 bolts
 w - 42 sling bullets
Armour
 a - a +0 robe (worn)
 d - a +0 cloak (worn)
Jewellery
 j - a cursed -2 ring of dexterity (left claw)
 u - a ring of poison resistance (right claw)
 A - a +1 ring of protection
Wands
 x - a wand of flame (18/48)
Scrolls
 c - 6 scrolls of teleportation {unknown}
 e - 2 scrolls of fog {unknown}
 g - 3 scrolls of identify {unknown}
 h - a scroll of random uselessness {unknown}
 o - 3 scrolls of immolation {unknown}
 B - 3 scrolls of remove curse {unknown}
 E - a scroll of blinking {unknown}
Potions
 i - a potion of ambrosia {unknown}
 k - 2 potions of lignification {unknown}
 l - a potion of might {unknown}
 q - a potion of curing
 r - a potion of resistance {unknown}
 s - a potion of agility {unknown}
 t - 5 potions of brilliance {unknown}
 D - a potion of poison {unknown}
 F - 2 potions of haste {unknown}
Books
 m - a book of Flames

   Spells                             Type                      Level
   a - Flame Tongue                   Conjuration/Fire             1
   b - Throw Flame                    Conjuration/Fire             2
   c - Conjure Flame                  Conjuration/Fire             3
   d - Inner Flame                    Hexes/Fire                   3
   e - Sticky Flame                   Conjuration/Fire             4
   f - Fireball                       Conjuration/Fire             5
Comestibles
 b - 6 bread rations
 f - 3 meat rations
 p - a beef jerky
 G - a slice of pizza


   Skills:
 + Level 4.5 Fighting
 + Level 4.9 Dodging
 + Level 2.0 Stealth
 + Level 6.8 Unarmed Combat
 + Level 0.1 Spellcasting
 + Level 0.4 Conjurations
 + Level 0.2 Fire Magic
 + Level 0.2 Evocations


You had 6 spell levels left.
You knew the following spells:

 Your Spells              Type           Power        Failure   Level  Hunger
a - Flame Tongue          Conj/Fire      #....        30%         1    ##.....


Dungeon Overview and Level Annotations

Branches:
Dungeon (5/15)
 Temple: D:4-7

Altars:
Ashenzari
Cheibriados
Fedhas
Okawaru
Sif Muna
Trog
Yredelemnul

Annotations:
D:5 Grinder


Innate Abilities, Weirdness & Mutations

You are too large for most types of armour.
You have claws for hands.
Your metabolism is lightning-fast.
You like to eat raw meat.
You heal very quickly.
You are covered in fur (AC +1).
You have very tough skin (AC +2).


Message History

Grinder is moderately wounded.
Grinder gestures at you.
You suddenly lose the ability to move!
Grinder hits you.
You writhe in agony.
Grinder hits you.
* * * LOW HITPOINT WARNING * * *
You writhe in agony.
* * * LOW HITPOINT WARNING * * *
Grinder hits you.
* * * LOW HITPOINT WARNING * * *
You writhe in agony.
* * * LOW HITPOINT WARNING * * *
Grinder hits you!
* * * LOW HITPOINT WARNING * * *
You can move again.
You scratch Grinder but do no damage. You claw Grinder!
Grinder is severely wounded.
Grinder gestures at you. Pain shoots through your body!
You die...

.....#######....# ###..
#...## # #.# #...# ## #.#
#...# ##. ####.#### #...#
##.. ######## #..(....#
.... #...
.......####.##.##.####
##..#
######.........##....#.#.
#..## #
######.##.5@..#....? #..#
# #.##.##....# #..#
#.##.##.#### #..#
#.......# #..# #.......#
#..# #.##.##.# ##..
#5##.##.# #.. # #. #.#
#.#


You could see Grinder.

Vanquished Creatures
  The ghost of Psiweapon the Bolt Thrower, a novice KoHu (D:4)
  An ogre (D:4)
  2 centaurs (D:5)
  A crimson imp (D:5)
  A jelly (D:5)
  The ghost of Banto the Scratcher, a weakling FeCK of Xom (D:3)
  A giant frog skeleton (D:5)
  A hound (D:3)
  2 orc priests
  4 orc wizards (D:3)
  An iguana (D:5)
  A worker ant (D:5)
  Terence (D:3)
  A hound skeleton (D:4)
  4 gnolls (D:5)
  6 adders
  An ooze (D:3)
  2 worms
  15 orcs
  7 bats
  3 giant cockroaches
  6 goblins
  5 hobgoblins
  14 jackals
  A quokka (D:4)
  A ball python zombie (D:5)
  4 giant newts
  A jackal zombie (D:5)
  6 kobolds
  6 rats
101 creatures vanquished.

Notes
Turn   | Place    | Note
--------------------------------------------------------------
     0 | D:1      | Psiweapon the Troll Monk began the quest for the Orb.
     0 | D:1      | Reached XP level 1. HP: 22/22 MP: 0/0
   246 | D:1      | Reached XP level 2. HP: 23/29 MP: 1/1
   896 | D:2      | Found a blossoming altar of Fedhas.
   902 | D:2      | Learned a level 1 spell: Flame Tongue
  1123 | D:2      | Reached XP level 3. HP: 36/36 MP: 2/2
  1567 | D:3      | Reached XP level 4. HP: 44/44 MP: 3/3
  1578 | D:3      | Reached skill level 5 in Unarmed Combat
  1581 | D:3      | Found an iron altar of Okawaru.
  1610 | D:3      | Noticed Banto's ghost (weakling FeCK)
  1649 | D:3      | Reached XP level 5. HP: 15/53 MP: 4/4
  1663 | D:3      | Killed Banto's ghost
  1870 | D:3      | Reached XP level 6. HP: 52/61 MP: 3/5
  1887 | D:3      | Found a bloodstained altar of Trog.
  1889 | D:3      | Found a basalt altar of Yredelemnul.
  2129 | D:3      | Noticed Terence
  2141 | D:3      | Killed Terence
  2409 | D:3      | Found a snail-covered altar of Cheibriados.
  2410 | D:3      | Found a deep blue altar of Sif Muna.
  2412 | D:3      | Found a shattered altar of Ashenzari.
  2689 | D:4      | Noticed Psiweapon's ghost (novice KoHu)
  2720 | D:4      | Killed Psiweapon's ghost
  2720 | D:4      | Reached skill level 6 in Unarmed Combat
  2720 | D:4      | Reached XP level 7. HP: 5/68 MP: 6/6
  3160 | D:3      | Became a worshipper of Cheibriados the Contemplative
  3160 | D:3      | Reached * piety under Cheibriados
  3160 | D:3      | Reached ** piety under Cheibriados
  3192 | D:5      | Entered Level 5 of the Dungeon
  3644 | D:5      | Reached XP level 8. HP: 64/79 MP: 7/7
  3736 | D:5      | Noticed Grinder
  3739 | D:5      | Paralysed by Grinder for 5 turns
  3756 | D:5      | Paralysed by Grinder for 4 turns
  3761 | D:5      | Killed from afar by Grinder

Vault maps used:
D:1:      ncdulo_wetmaze
D:2:      lemuel_coloured_pillars_altar, minmay_misc_feat_enclosed
D:3:      nicolae_overflow_hidden_temple, okawaru_gym_becter,
          kennysheep_generic_room_12, uniq_terence
D:4:      first_bread
D:5:      nicolae_sextant, uniq_grinder

Action                   |  1- 3 |  4- 6 |  7- 9 || total
-------------------------+-------+-------+-------++-------
Melee: Unarmed           |    76 |   122 |    79 ||   277
 Cast: Flame Tongue      |     2 |     2 |       ||     4
Evoke: Wand              |       |     1 |       ||     1
 Stab: Sleeping          |     1 |     1 |       ||     2
  Eat: Chunk             |    19 |    12 |     7 ||    38
